 Dungeon Crawl Stone Soup version 0.30.1-4-g462c640d31 (webtiles) character file.

Game seed: 17434710745365724971

129 Zeor the Shooter (level 4, -8/26 HPs)
             Began as a Deep Elf Hunter on Aug 22, 2023.
             Mangled by an ogre
             ... wielding a +0 giant spiked club
              (34 damage)
             ... on level 4 of the Dungeon.
             The game lasted 00:05:37 (2087 turns).

Zeor the Shooter (Deep Elf Hunter)                  Turns: 2087, Time: 00:05:37

Health: -8/26      AC:  9    Str:  8    XL:     4   Next: 88%
Magic:  9/9        EV: 12    Int: 16    God:
Gold:   186        SH:  0    Dex: 18    Spells: 7/7 levels left

rFire   . . .        a - +1 shortbow
rCold   . . .        (shield currently unavailable)
rNeg    . . .        c - +0 leather armour
rPois   .            (no helmet)
rElec   .            o - +2 cloak
rCorr   .            i - +1 pair of gloves
SInv    .            j - +0 pair of boots
Will    .....        (no amulet)
Stlth   ++           (no ring)
HPRegen 0.24/turn    (no ring)
MPRegen 0.11/turn

%: no passive effects
@: no status effects
A: no striking features
a: no special abilities


You were on level 4 of the Dungeon.
You visited 1 branch of the dungeon, and saw 4 of its levels.

You collected 186 gold pieces.

Inventory:

Hand Weapons
 a - a +1 shortbow (weapon)
 b - the +7 long sword "Pyotecis" {holy, rCorr Str+4 Int+2 Dex+3}
   (You found it on level 3 of the Dungeon)

   Str:       It affects your strength (+4).
   Int:       It affects your intelligence (+2).
   Dex:       It affects your dexterity (+3).
   rCorr:     It protects you from acid and corrosion.
Missiles
 l - 6 atropa-tipped darts
Armour
 c - a +0 leather armour (worn)
 i - a +1 pair of gloves (worn)
 j - a +0 pair of boots (worn)
 o - a +2 cloak (worn)
Wands
 h - a wand of charming (2)
Scrolls
 k - a scroll of immolation
Potions
 d - a potion of mutation
 e - 4 potions of curing
 f - 2 potions of berserk rage
 g - 3 potions of heal wounds
 m - a potion of resistance {unknown}
 n - a potion of brilliance {unknown}


   Skills:
 * Level 1.8 Fighting
 + Level 0.5 Long Blades
 + Level 7.3 Ranged Weapons
 + Level 0.1 Armour
 + Level 2.8 Dodging
 + Level 1.4 Stealth
 * Level 2.2 Spellcasting


You had 7 spell levels left.
You didn't know any spells.
Your spell library contained the following spells:

 Spells                   Type           Power      Damage    Failure   Level
 Sting                    Tmut/Pois      4%         1d3       30%         1
 Poisonous Vapours        Pois/Air       2%         N/A       41%         2
 Olgreb's Toxic Radiance  Pois           1%         N/A       96%         4


Dungeon Overview and Level Annotations

Branches:
Dungeon (4/15)
 Temple: D:4-7

Altars:
Sif Muna


Message History

You shoot an arrow. The goblin shouts!
The arrow hits the kobold.
You kill the kobold!
You shoot an arrow. The arrow hits the goblin!
You kill the goblin!
There is an open door here.
Things that are here:
a +0 whip; 4 poisoned darts You open the door.
There is an open door here.
You open the door.
There is an open door here.
As you open the door, it creaks loudly!
There is an open door here.
You open the door.
There is an open door here.
You open the door.
Found 5 stones.
n - a murky orange potion You see here a +2 cloak.
o - a +2 cloak You start putting on your armour.
You continue putting on your +2 cloak. x4
You finish putting on your +2 cloak.
A kobold and an ogre come into view.
You shoot an arrow. The arrow hits the ogre.
The ogre shouts!
The ogre is moderately wounded.
The kobold shouts!
The ogre attacks as you move away! The ogre barely misses you.
You shoot an arrow. The arrow hits the ogre.
The ogre is moderately wounded.
You shoot an arrow. The arrow hits the ogre.
The ogre is moderately wounded.
The ogre misses you.
An adder comes into view.
The ogre attacks as you move away!
The ogre hits you with a +0 giant spiked club!!
Ouch! That really hurt!
You die...

▒∙▒ ▒▒■ ▒∙
▒∙▒▒▒S▒▒▒∙▒ ∙∙∙ ▒∙
▒∙∙∙∙∙∙∙∙∙▒ ∙∙∙ ▒■
▒∙▒▒ ▒∙▒ ▒∙∙▒ ▒∙▒
▒▒∙▒ ▒∙▒ ▒K▒
▒▒'▒▒▒▒ ▒O▒
▒▒∙∙∙▒▒∙ ▒e▒▒▒
▒▒∙∙∙∙∙▒∙ ▒∙▒∙▒▒
▒▒∙∙∙∙∙∙∙∙
▒∙∙∙∙▒▒▒▒∙∙∙∙∙∙∙∙∙
▒▒∙∙∙∙∙∙∙∙∙∙∙∙∙∙∙∙∙
▒∙∙∙∙▒▒∙▒▒∙∙∙∙∙▒▒∙▒
▒∙▒∙▒▒∙▒∙▒▒∙▒∙▒▒∙▒∙
▒∙▒∙▒∙∙▒∙∙∙▒▒▒∙∙∙ ∙
▒∙▒∙▒▒∙▒∙▒▒∙▒∙▒▒∙▒∙
▒∙▒∙∙▒▒∙▒▒∙∙∙∙∙▒▒∙▒


You could see an ogre, an adder (wandering) and a kobold.

Vanquished Creatures
  An orc priest (D:3)
  4 adders
  8 orcs (D:3)
  A ball python (D:3)
  6 endoplasms
  4 goblins
  4 hobgoblins
  6 jackals (D:1)
  5 kobolds
  3 quokkas
  5 bats
  2 frilled lizards (D:1)
  4 rats (D:1)
53 creatures vanquished.

Notes
Turn   | Place    | Note
-------+----------+-------------------------------------------
     0 | D:1      | Zeor the Deep Elf Hunter began the quest for the Orb.
     0 | D:1      | Reached XP level 1. HP: 12/12 MP: 3/3
     2 | D:1      | Got the Vellum of Wondrous Power
   153 | D:1      | Reached skill level 1 in Spellcasting
   195 | D:1      | Reached XP level 2. HP: 16/16 MP: 5/5
   257 | D:1      | You fall into a shaft and drop 1 floor!
   305 | D:1      | Reached skill level 6 in Ranged Weapons
   454 | D:1      | Found a faded altar of an unknown god.
   819 | D:2      | Reached XP level 3. HP: 20/20 MP: 7/7
  1268 | D:3      | Identified the +7 long sword "Pyotecis" {holy, rCorr Str+4
                  | Int+2 Dex+3}
  1279 | D:3      | Reached skill level 7 in Ranged Weapons
  1279 | D:3      | Reached XP level 4. HP: 26/26 MP: 8/8
  1475 | D:3      | Found a shimmering blue altar of Sif Muna.
  2078 | D:4      | Noticed an ogre
  2087 | D:4      | Mangled by an ogre

Illustrated notes

Levels and vault maps discovered:
D:1:      heliophobic_arrival_dark_side_of_the_moon, layout_basic,
          hellmonk_ecumenical_altar_inner_sanctum
D:2:      layout_rooms, roderic_serpentine_path
D:3:      layout_loops_ring, nicolae_sif_muna_little_library,
          grunt_ministairs_13, kennysheep_generic_room_16
D:4:      nicolae_cairo_tiling_large, layout_loops_corners,
          mainiacjoe_overflow_swirl, serial_shops, shop,
          hangedman_decor_clover_reticule, minmay_ruptured

Skill      XL: |  1  2  3  4 |
---------------+-------------+-----
Spellcasting   | 1 2 |  2.2
Ranged Weapons | 6 7 |  7.3
Fighting       | |  1.8
Long Blades    | |  0.5
Armour         | |  0.1
Dodging        | |  2.8
Stealth        | |  1.4

Action                     |  1- 3 |  4- 6 || total
---------------------------+-------+-------++-------
  Melee: Long sword        |     1 |     4 ||     5
   Fire: Shortbow          |    89 |    37 ||   126
    Use: Scroll            |     8 |     2 ||    10
 Armour: Leather armour    |     9 |     1 ||    10
  Dodge: Dodged            |    18 |     5 ||    23
